Map: [ESL] Ghost River

Players

Misaki

  • Race: Zerg Zerg
  • Spawn Location: 11:00

Oliveira - Winner!

  • Race: Terran Terran
  • Spawn Location: 1:00

Event: ESL SC2 Masters 2024 Spring (Regional)

VOD

Have the link to the VOD?

Description

Time

  • Played on: April 10, 2024, 6:50 a.m.
  • Length: 5:20

All games in this series

Show
View Real Time Build Order
Export as new Build Order

Misaki Zerg 

Build Orders: Hatch First 

Get SALT Encoding   

  12  0:00  Drone  
  13  0:08  Drone  
  14  0:18  Overlord  
  14  0:36  Drone  
  14  0:37  Drone  
  16  0:48  Hatchery  
  15  0:52  Drone  
  15  0:56  Drone  
  17  1:00  Drone  
  18  1:10  Extractor  
  17  1:15  Spawning Pool  
  17  1:17  Drone  
  17  1:21  Drone  
  18  1:31  Drone  
  19  1:42  Drone  
  20  1:53  Drone  
  21  2:01  Queen  
  21  2:02  Zergling x2, Queen  
  21  2:04  Zergling x2  
  27  2:18  Hatchery  
  27  2:22  Overlord  
  26  2:25  Drone  
  26  2:29  Drone  
  27  2:37  Overlord  
  27  2:40  Metabolic Boost  
  27  2:41  Drone  
  29  2:44  Drone  
  29  2:47  Drone  
  29  2:50  Drone  
  31  2:55  Drone  
  31  2:57  Drone  
  33  3:01  Queen  
  33  3:04  Drone  
  36  3:08  Drone  
  36  3:11  Drone x2  
  39  3:14  Zergling x2  
  39  3:18  Overlord  
  40  3:20  Drone  
  40  3:24  Queen  
  43  3:28  Overlord  
  43  3:31  Drone  
  44  3:35  Queen  
  44  3:37  Drone  
  44  3:40  Drone  
  48  3:43  Drone x2  
  48  3:44  Drone  
  48  3:47  Drone  
  52  3:48  Drone  
  52  3:49  Drone  
  52  3:51  Drone  
  52  3:55  Drone  
  56  4:00  Queen  
  56  4:02  Queen  
  58  4:04  Drone  
  58  4:05  Zergling x2  
  58  4:06  Zergling x2  
  63  4:12  Zergling x2  
  63  4:17  Overlord  
  63  4:29  Queen  
  58  4:33  Overlord  
  58  4:34  Zergling x4  
  58  4:35  Overlord x2, Queen  
  58  4:36  Zergling x12  
  66  4:42  Queen  
  66  4:44  Zergling x2  
  65  4:49  Zergling x2  
  65  4:54  Zergling x10  
Show
View Real Time Build Order
Export as new Build Order

Oliveira Terran - Winner!

Build Orders: Gas First Reaper Expand, Hellion Opening 

Get SALT Encoding   

  12  0:00  SCV  
  13  0:12  SCV  
  14  0:17  Supply Depot  
  14  0:24  SCV  
  14  0:28  Refinery  
  15  0:38  SCV  
  16  0:44  Barracks  
  16  0:50  SCV  
  17  1:03  SCV  
  18  1:15  SCV  
  19  1:31  Orbital Command, Reaper  
  20  1:41  Command Center  
  20  1:52  Factory  
  20  1:57  SCV  
  21  2:07  Barracks Reactor  
  21  2:09  SCV  
  21  2:11  Supply Depot  
  22  2:16  Refinery  
  22  2:21  SCV  
  23  2:33  SCV  
  24  2:45  Starport  
  24  2:46  SCV  
  24  2:48  Hellion x2  
  24  2:49  Marine  
  30  2:55  Orbital Command  
  30  2:59  SCV  
  31  3:06  Marine  
  31  3:11  Hellion x2  
  36  3:13  SCV  
  37  3:22  Medivac  
  37  3:24  Marine  
  40  3:28  Armory  
  42  3:34  Hellion  
  42  3:37  Hellion  
  42  3:40  Supply Depot  
  44  3:44  SCV  
  46  3:48  SCV  
  46  4:01  Liberator  
  46  4:02  Hellion  
  51  4:03  Supply Depot, Hellion  
  51  4:04  SCV  
  54  4:24  SCV  
  54  4:28  Hellion  
  53  4:31  Hellion  
  53  4:32  SCV  
  53  4:36  SCV, Supply Depot  
  57  4:50  SCV x2, Command Center  
  60  4:55  Barracks Tech Lab  
  60  5:02  SCV  
  60  5:03  SCV  
  62  5:04  Factory Reactor, Barracks  
  62  5:07  Barracks  
Tags
 
Add a new tag
Caveats
  • Supply blocks, unpowered buildings, or Contaminate may cause inaccurate times.
  • Supply counts are checked every 10 seconds.